 Dungeon Crawl Stone Soup version 0.22-a0-283-g1871b15 (webtiles) character file.

366 newphone the Cudgeler (level 7, -2/40 HPs)
             Began as a Kobold Wanderer on Mar 18, 2018.
             Was an Initiate of Trog.
             Slain by Prince Ribbit (11 damage)
             ... on level 5 of the Dungeon.
             The game lasted 00:08:00 (4177 turns).

newphone the Cudgeler (Kobold Wanderer)             Turns: 4177, Time: 00:08:01

Health: -2/40      AC: 12    Str: 14    XL:     7   Next: 0%
Magic:  7/7        EV:  9    Int: 13    God:    Trog [......]
Gold:   105        SH:  0    Dex: 12    Spells: 6/6 levels left

rFire    + . .     SeeInvis .   k - +10 mace of the Heavens {drain, +Rage rPois rF+ Str+2}
rCold    . . .     Gourm    .   (shield restricted)
rNeg     . . .     Faith    .   l - +0 chain mail
rPois    +         Spirit   .   (no helmet)
rElec    .         Reflect  .   j - +1 cloak
rCorr    .         Harm     .   (no gloves)
MR       +....                  (no boots)
Stlth    ..........             (no amulet)
HPRegen  0.13/turn              n - ring of protection from magic
MPRegen  0.10/turn              b - ring of poison resistance

@: berserk cooldown, slowed, very slow
A: small, slimy green scales 1, carnivore, clumsy 1, sturdy frame 1
a: Renounce Religion, Evoke Berserk Rage


You were on level 5 of the Dungeon.
You worshipped Trog.
Trog was noncommittal.
You were not hungry.

You visited 1 branch of the dungeon, and saw 5 of its levels.

You collected 105 gold pieces.

Inventory:

Hand Weapons
 a - a +3 mace
 h - a +0 hunting sling
 i - a +0 long sword
 k - the +10 mace of the Heavens (weapon) {drain, +Rage rPois rF+ Str+2}
   (You found it on level 4 of the Dungeon)

   A truly terrible weapon, it drains the life of those it strikes.
   It affects your strength (+2).
   It protects you from fire.
   It protects you from poison.
   It lets you go berserk.
Missiles
 g - 21 stones (quivered)
Armour
 d - a +0 scale mail
 j - a +1 cloak (worn)
 l - a +0 chain mail (worn)
Jewellery
 b - a ring of poison resistance (right hand)
 e - an uncursed ring of positive energy
 n - a ring of protection from magic (left hand)
 o - an uncursed ring of resist corrosion
Wands
 c - a wand of random effects (15)
Scrolls
 r - a scroll of identify
Comestibles
 f - a ration


   Skills:
 * Level 2.4 Fighting
   Level 3.3 Short Blades
 * Level 5.5 Maces & Flails
 - Level 1.0 Armour
 - Level 1.2 Dodging
 - Level 4.0 Stealth
 - Level 1.2 Evocations


You had 6 spell levels left.
You didn't know any spells.

Dungeon Overview and Level Annotations

Branches:
Dungeon (5/15)
 Temple: D:4-7

Altars:
Trog
The Shining One

Annotations:
D:3 1 runed door, newphone's ghost, amateur HuWn
D:4 Natasha; Pikel
D:5 Prince Ribbit


Innate Abilities, Weirdness & Mutations

You are small and have problems with some larger weapons.
You are carnivorous and can eat meat at any time.
You are partially covered in slimy green scales. (AC +2)
You are clumsy. (Dex -2)
Your movements are slightly less encumbered by armour. (ER -2)


Message History

You sock Prince Ribbit!
Prince Ribbit is heavily wounded.
Prince Ribbit hits you but does no damage.
Prince Ribbit hits you.
* * * LOW HITPOINT WARNING * * *
You aren't carrying any potions.
Okay, then.
Prince Ribbit closely misses you.
There is an open door, spattered with blood here.
Items here: ( ) †† an uncursed shortbow; 20 arrows; a worker ant corpse; a hound corpse Prince Ribbit lets out a mournful croak.
Prince Ribbit hits you but does no damage.
Prince Ribbit closely misses you.
Prince Ribbit blinks!
Prince Ribbit blinks!
Prince Ribbit hits you but does no damage.
Prince Ribbit blinks!
Prince Ribbit hits you!
You die...

#....<..#####
#............
#.#####...### #.#
###...#### #.#
#........## #.#
#.#........
#.###.#.#.##...
#......F#.#
#......@..#
#######.### #.#
##+## #.# ##...##
#.## ##...?.##
#..## ##.......##
##...####(........#
#....F..)....(..<.+
##...####..........


You could see Prince Ribbit.

Vanquished Creatures
  4 slaves (D:4)
  A centaur (D:5)
  A howler monkey (D:5)
  2 hounds (D:5)
  A bullfrog skeleton (D:4)
  Terence (D:4)
  A worker ant (D:5)
  A worker ant zombie (D:2)
  3 adders (D:2)
  2 oozes (D:1)
  5 worms (D:2)
  2 dart slugs
  6 bats
  2 giant cockroaches
  6 goblins
  5 hobgoblins
  5 kobolds (D:1)
  2 frilled lizards (D:1)
  11 rats
61 creatures vanquished.

Notes
Turn   | Place    | Note
-------+----------+-------------------------------------------
     0 | D:1      | newphone the Kobold Wanderer began the quest for the Orb.
     0 | D:1      | newphone set off with: a +2 mace, a scroll of teleportation, a wand of random effects (15), a +0 robe, a +0 dagger, a ration
     0 | D:1      | Reached XP level 1. HP: 12/12 MP: 1/1
   309 | D:1      | Reached XP level 2. HP: 15/16 MP: 2/2
  1014 | D:1      | Reached skill level 2 in Maces & Flails
  1014 | D:1      | Reached XP level 3. HP: 12/20 MP: 3/3
  1503 | D:2      | Reached XP level 4. HP: 20/25 MP: 4/4
  1648 | D:2      | Reached skill level 3 in Maces & Flails
  2025 | D:2      | Noticed a moth of wrath
  2028 | D:2      | Found a bloodstained altar of Trog.
  2144 | D:2      | Became a worshipper of Trog the Wrathful
  2507 | D:2      | Reached XP level 5. HP: 19/29 MP: 5/5
  2518 | D:2      | Gained mutation: Your movements are slightly less encumbered by armour. (ER -2) [potion of mutation]
  2518 | D:2      | Gained mutation: You are clumsy. (Dex -2) [potion of mutation]
  2518 | D:2      | Gained mutation: You are partially covered in slimy green scales. (AC +2) [potion of mutation]
  3335 | D:3      | Found a runed door.
  3400 | D:3      | Noticed Terence
  3402 | D:3      | Noticed newphone's ghost (amateur HuWn)
  3439 | D:4      | Killed Terence
  3439 | D:4      | Reached skill level 4 in Maces & Flails
  3442 | D:4      | Noticed Natasha
  3470 | D:4      | Noticed a slave
  3471 | D:4      | Noticed a slave
  3472 | D:4      | Noticed Pikel
  3474 | D:4      | Noticed a slave
  3838 | D:4      | Killed a slave
  3845 | D:4      | Noticed a slave
  3848 | D:4      | Got an iridescent mace
  3854 | D:4      | Identified the +10 mace of the Heavens {drain, +Rage rPois rF+ Str+2} (You found it on level 4 of the Dungeon)
  3857 | D:4      | Killed a slave
  3861 | D:4      | Killed a slave
  3865 | D:4      | Killed a slave
  3900 | D:5      | Entered Level 5 of the Dungeon
  3903 | D:5      | Reached XP level 6. HP: 17/35 MP: 6/6
  4130 | D:5      | Found a glowing golden altar of the Shining One.
  4133 | D:5      | Noticed Prince Ribbit
  4150 | D:5      | Reached skill level 5 in Maces & Flails
  4157 | D:5      | Reached XP level 7. HP: 20/40 MP: 7/7
  4177 | D:5      | Slain by Prince Ribbit

Vault maps used:
D:1:      lemuel_arrival_rhombus, serial_corexii_hall, corexii_hall_statues_u,
          corexii_hall_statues_x
D:2:      grunt_ministairs_13, tgw_trog
D:3:      grunt_decor_resistance, uniq_crazy_yiuf_cottage, uniq_sigmund,
          uniq_terence
D:4:      uniq_natasha, uniq_pikel
D:5:      makhleb_grotto_becter, lemuel_crystal_altar,
          grunt_temple_overflow_open, first_ration, minmay_misc_feat_pillars,
          hangedman_abyss_or_decor_jellyfish_corner,
          kennysheep_decorative_pillar, uniq_edmund, uniq_prince_ribbit1

Skill      XL: |  1  2  3  4  5  6 |
---------------+-------------------+-----
Short Blades   | 2 3 |  3.3
Maces & Flails | 2 3 4 5 |  5.5
Fighting       | 2 |  2.4
Armour         | |  1.0
Dodging        | |  1.2
Stealth        | |  4.0
Evocations     | |  1.2

Action                   |  1- 3 |  4- 6 |  7- 9 || total
-------------------------+-------+-------+-------++-------
Melee: Mace              |    69 |   172 |     3 ||   244
       Dagger            |     6 |       |       ||     6
Throw: Stone             |     2 |     2 |       ||     4
 Abil: Evoke Berserk Rag |       |     2 |       ||     2
  Use: Scroll            |     3 |     9 |       ||    12
       Potion            |       |     4 |       ||     4
 Stab: Sleeping          |     1 |       |       ||     1
  Eat: Chunk             |     4 |     5 |       ||     9
       Ration            |       |     3 |       ||     3
Armor: Robe              |     9 |       |       ||     9
       Chain mail        |    12 |   117 |     5 ||   134
Dodge: Dodged            |    71 |    80 |     3 ||   154

Table legend:
 A = Spawn XP
 B = Non-spawn XP
 C = Spawn XP percentage of total XP
 D = Spawn monster count
 E = Non-spawn monster count
 F = Spawn count percentage of total count
 G = Total turns spent on level
                    A         B        C        D         E        F      G
               +---------+---------+-------+---------+---------+-------+---------
         Total |       0 |     523 |   0.0 |       0 |      57 |   0.0 |  4177
               +---------+---------+-------+---------+---------+-------+---------
           D:1 |       0 |      44 |   0.0 |       0 |      20 |   0.0 |  1391
           D:2 |       0 |     105 |   0.0 |       0 |      25 |   0.0 |  1774
           D:3 |       0 |       9 |   0.0 |       0 |       5 |   0.0 |   247
           D:4 |       0 |      75 |   0.0 |       0 |       2 |   0.0 |   488
           D:5 |       0 |     290 |   0.0 |       0 |       5 |   0.0 |   277
               +---------+---------+-------+---------+---------+-------+---------
